 Dungeon Crawl Stone Soup version 0.18-a0-20-gaede791 (webtiles) character file.

91 Ordine the Insei (level 4, -1/40 HPs)
             Began as a Draconian Monk on Nov 2, 2015.
             Killed from afar by an orc wizard (5 damage)
             ... with a magic dart
             ... on level 3 of the Dungeon.
             The game lasted 00:05:40 (2453 turns).

Ordine the Insei (Draconian Monk)                   Turns: 2453, Time: 00:05:40

Health: -1/40      AC:  6    Str: 13    XL:     4   Next: 33%
Magic:  4/4        EV: 13    Int: 11    God:
Gold:   134        SH:  0    Dex: 14    Spells: 0 memorised, 3 levels left

rFire  . . .     SeeInvis .       - Unarmed
rCold  . . .     Clarity  .     (armour unavailable)
rNeg   . . .     SustAt   .     (no shield)
rPois  .         Gourm    .     (helmet restricted)
rElec  .         Spirit   .     (no cloak)
rCorr  .         Warding  .     h - +0 pair of gloves
rMut   .         Stasis   .     (no boots)
MR     .....                    (no amulet)
Stlth  ++........               (no ring)
                                (no ring)

@: not resistant to hostile enchantments, unstealthy
A: unfitting armour, cold-blooded, AC +5
a: no special abilities


You were on level 3 of the Dungeon.
You were not hungry.

You visited 1 branch of the dungeon, and saw 3 of its levels.

You collected 134 gold pieces.

Inventory:

Missiles
 j - 4 poisoned needles
Armour
 h - a +0 pair of gloves (worn)
Scrolls
 d - 3 scrolls of enchant armour
 i - 2 scrolls of amnesia
Comestibles
 a - 4 bread rations
 b - 2 meat rations
 f - a beef jerky
 g - a royal jelly


   Skills:
 + Level 4.2 Fighting
 - Level 2.6 Dodging
 - Level 1.7 Stealth
 * Level 5.2 Unarmed Combat


You had 3 spell levels left.
You didn't know any spells.

Dungeon Overview and Level Annotations

Branches:
Dungeon (3/15)

Altars:
Cheibriados
Kikubaaqudgha
Okawaru
Vehumet


Innate Abilities, Weirdness & Mutations

Your plain brown scales are hard (AC +5).
Your body does not fit into most forms of armour.
You are cold-blooded and may be slowed by cold attacks.


Message History

Reactivating autopickup.
You hear some strange, mumbled words.
A puff of frost appears from out of thin air!
Deactivating autopickup; reactivate with Ctrl-A.
The puff of frost hits you! Something hits you.
You miss something. Something hits you.
The orc wizard casts a spell.
The orc wizard flickers and vanishes!
No target in view!
A magic dart appears from out of thin air!
The magic dart hits you!
* * * LOW HITPOINT WARNING * * *
A puff of flame appears from out of thin air!
The puff of flame hits you!
* * * LOW HITPOINT WARNING * * *
You hear some strange, mumbled words.
A magic dart appears from out of thin air!
The magic dart hits you!
You die...

#.##.####### #.
#.##.# ##.
#.#..# ###..
#{#.## ##....
#{#.# ####.....
#.#.# #....#...
#.#(# #.##...##
#.#.# ##.###.##
#@#.#####...##.#
#>........#.##.#
###.#####...##.#
#.# ######.#
#.####### #.#
#......[## #.###
####.###.###....
#.# #........
#.###.#######


There were no monsters in sight!

Vanquished Creatures
  An adder (D:2)
  2 worms (D:2)
  3 giant geckos
  2 orcs (D:3)
  4 goblins
  9 hobgoblins
  3 jackals (D:3)
  10 kobolds
  4 quokkas
  9 bats
  3 giant cockroaches (D:2)
  2 giant newts (D:1)
  16 rats
68 creatures vanquished.

Notes
Turn   | Place    | Note
--------------------------------------------------------------
     0 | D:1      | Ordine the Draconian Monk began the quest for the Orb.
     0 | D:1      | Reached XP level 1. HP: 19/19 MP: 1/1
     2 | D:1      | Noticed a merfolk
     4 | D:1      | Noticed an elf
     6 | D:1      | Noticed a human
     6 | D:1      | Noticed a naga
     8 | D:1      | Noticed a vampire
     8 | D:1      | Noticed a gargoyle
    10 | D:1      | Noticed a centaur
    12 | D:1      | Noticed an ogre
    14 | D:1      | Noticed a minotaur
    14 | D:1      | Noticed a spriggan
    16 | D:1      | Noticed a formicid
    16 | D:1      | Noticed a demonspawn
    18 | D:1      | Noticed a felid
    18 | D:1      | Noticed a troll
    20 | D:1      | Noticed a ghoul
    20 | D:1      | Noticed a tengu
    22 | D:1      | Noticed a dwarf
    22 | D:1      | Noticed an octopode
    24 | D:1      | Noticed a demigod
    26 | D:1      | Noticed a draconian
    26 | D:1      | Noticed a vine stalker
   229 | D:1      | Reached XP level 2. HP: 21/26 MP: 2/2
   840 | D:1      | You fall through a shaft!
   875 | D:2      | Reached XP level 3. HP: 28/33 MP: 3/3
  1444 | D:2      | Reached skill level 5 in Unarmed Combat
  1603 | D:2      | Found a radiant altar of Vehumet.
  1603 | D:2      | Found an iron altar of Okawaru.
  1604 | D:2      | Found an ancient bone altar of Kikubaaqudgha.
  1846 | D:2      | Reached XP level 4. HP: 40/40 MP: 4/4
  2113 | D:3      | Found a snail-covered altar of Cheibriados.
  2453 | D:3      | Killed from afar by an orc wizard

Vault maps used:
D:1:      kb_arrival_jail, serial_bayou, serial_bayou_shore_b,
          serial_bayou_pond_b, serial_bayou_ford_a, serial_bayou_shore_a,
          serial_bayou_pond_e, serial_bayou_pond_b, st_stairs_6
D:2:      gammafunk_temple_overflow_forgotten, first_bread
D:3:      overflow_temple_1_default, lemuel_coloured_pillars_altar,
          cheibriados_altar_1

Action                   |  1- 3 |  4- 6 || total
-------------------------+-------+-------++-------
Melee: Unarmed           |   124 |    62 ||   186
  Use: Scroll            |     8 |     1 ||     9
       Potion            |       |     1 ||     1
 Stab: Sleeping          |     7 |     2 ||     9
       Distracted        |     1 |       ||     1
  Eat: Chunk             |     3 |     2 ||     5
